 Dungeon Crawl Stone Soup version 0.20.1-1-g8b1a95d (webtiles) character file.

1074 Peloso the Slasher (level 8, 0/68 HPs)
             Began as a Minotaur Fighter on July 4, 2017.
             Succumbed to an orc wizard's poison
             ... on level 5 of the Dungeon.
             The game lasted 00:09:01 (4207 turns).

Peloso the Slasher (Minotaur Fighter)               Turns: 4207, Time: 00:09:02

Health: 0/68       AC: 12    Str: 20 (21) XL:     8   Next: 7%
Magic:  7/7        EV:  5    Int:  4 (5)  God:
Gold:   268        SH: 10    Dex: 10 (12) Spells: 7/7 levels left

rFire    . . .     SeeInvis .   a - +1 long sword
rCold    . . .     Gourm    .   c - +0 shield
rNeg     . . .     Faith    .   p - +0 plate armour
rPois    .         Spirit   .   (helmet restricted)
rElec    .         Reflect  .   (no cloak)
rCorr    .         Harm     .   (no gloves)
MR       .....                  (no boots)
Stlth    ..........             (no amulet)
Regen    0.3/turn               (no ring)
MPRegen  0.1/turn               (no ring)

@: lethally poisoned (0 -> -6)
A: retaliatory headbutt, horns 2
a: no special abilities


You were on level 5 of the Dungeon.
You were not hungry.

You visited 1 branch of the dungeon, and saw 5 of its levels.
You also visited: Sewer.

You collected 268 gold pieces.

Inventory:

Hand Weapons
 a - a +1 long sword (weapon)
Armour
 b - a +0 scale mail
 c - a +0 shield (worn)
 p - a +0 plate armour (worn)
Scrolls
 h - a scroll of amnesia
 i - 2 scrolls of enchant weapon
 j - 2 scrolls of recharging {unknown}
 k - 2 scrolls of blinking {unknown}
 m - a scroll of enchant armour {unknown}
 n - 6 scrolls of teleportation {unknown}
 o - 4 scrolls of remove curse {unknown}
 q - a scroll of vulnerability {unknown}
 v - a scroll of identify
Potions
 d - 2 potions of might
 r - a potion of flight
Comestibles
 f - 3 bread rations
 g - 5 meat rations
 l - a royal jelly
 t - a chunk of flesh


   Skills:
 + Level 5.3 Fighting
 + Level 7.4 Long Blades
 + Level 6.1 Armour
 + Level 1.3 Dodging
 + Level 1.0 Stealth
 + Level 6.6 Shields


You had 7 spell levels left.
You didn't know any spells.

Dungeon Overview and Level Annotations

Branches:
Dungeon (5/15)
 Temple: D:4-7

Altars:


Innate Abilities, Weirdness & Mutations

You reflexively headbutt those who attack you in melee.
You have a pair of horns on your head.


Message History

You feel sick.
* * * LOW HITPOINT WARNING * * *
You feel sick.
The orc wizard miscasts a cantrip.
Okay, then.
Your plate armour prevents you from hitting the orc wizard.
* * * LOW HITPOINT WARNING * * *
You feel sick. You block the orc wizard's attack.
The orc wizard hits you but does no damage.
Your shield and plate armour prevent you from hitting the orc wizard.
Your headbutt misses the orc wizard.
* * * LOW HITPOINT WARNING * * *
You feel sick. The orc wizard barely misses you.
Your shield and plate armour prevent you from hitting the orc wizard.
Your headbutt misses the orc wizard.
* * * LOW HITPOINT WARNING * * *
You feel sick. You block the orc wizard's attack.
The orc wizard hits you but does no damage.
Your plate armour prevents you from hitting the orc wizard.
You die...

#.....##.......(...
#.....##...........
#.....##...........
#.....##.).########
#.....##...#
#.....##o..#
#....oZ.Zo.#
#####o##...#
#@##...# #.######
#.#...# #.#.#.#
#.#.#.# #.#<#.#
#.###.# #.....#
#######


You could see an orc wizard, an orc and a howler monkey zombie.

Vanquished Creatures
  Grinder (D:4)
  The ghost of Galdon the Vandal, an amateur OpHu of Elyvilon (Sewer)
  A water moccasin (D:5)
  Blork the orc (D:4)
  The ghost of ThePWWP the Magician, a weakling DsWz (D:3)
  4 orc wizards
  An iguana (D:4)
  Natasha (thrice) (D:2)
  A worker ant (D:4)
  A hound skeleton (D:5)
  Robin (D:4)
  4 adders
  3 gnolls (D:3)
  8 oozes
  5 worms
  2 dart slugs
  4 leopard geckos
  7 orcs
  9 giant cockroaches
  12 goblins
  10 hobgoblins
  6 jackals
  4 kobolds
  A quokka (D:3)
  2 ball pythons (Sewer)
  10 bats
  8 frilled lizards
  10 rats
  2 bushes (D:3)
  A plant (D:3)
124 creatures vanquished.

Vanquished Creatures (others)
  An orc wizard (D:5)
1 creature vanquished.

Grand Total: 125 creatures vanquished

Notes
Turn   | Place    | Note
-------+----------+-------------------------------------------
     0 | D:1      | Peloso the Minotaur Fighter began the quest for the Orb.
     0 | D:1      | Reached XP level 1. HP: 19/19 MP: 0/0
   377 | D:1      | Reached XP level 2. HP: 27/27 MP: 1/1
   629 | D:2      | Reached XP level 3. HP: 33/33 MP: 2/2
   670 | D:2      | Noticed Natasha
   680 | D:2      | Killed Natasha
   680 | D:2      | Reached skill level 3 in Long Blades
   820 | D:2      | Noticed Natasha
   820 | D:2      | Reached XP level 4. HP: 37/40 MP: 3/3
   829 | D:2      | Killed Natasha
   920 | D:2      | Noticed Natasha
   928 | D:2      | Killed Natasha
  1214 | D:3      | Noticed ThePWWP's ghost (weakling DsWz)
  1223 | D:3      | Killed ThePWWP's ghost
  1223 | D:3      | Reached skill level 4 in Long Blades
  1223 | D:3      | Reached XP level 5. HP: 43/46 MP: 4/4
  1242 | D:3      | Reached skill level 5 in Armour
  1626 | D:3      | Reached XP level 6. HP: 18/53 MP: 5/5
  1976 | D:3      | Reached skill level 5 in Long Blades
  2193 | D:3      | Reached skill level 5 in Shields
  2477 | D:4      | Found a glowing drain.
  2494 | Sewer    | Entered a sewer
  2530 | Sewer    | Noticed Galdon's ghost (amateur OpHu)
  2541 | Sewer    | Killed Galdon's ghost
  2541 | Sewer    | Reached skill level 1 in Dodging
  2541 | Sewer    | Reached skill level 1 in Stealth
  2541 | Sewer    | Reached XP level 7. HP: 57/60 MP: 6/6
  3016 | Sewer    | Reached skill level 6 in Long Blades
  3340 | D:4      | Noticed Robin
  3357 | D:4      | Killed Robin
  3407 | D:4      | Noticed Blork the orc
  3414 | D:4      | Killed Blork the orc
  3700 | D:4      | Noticed Grinder
  3719 | D:4      | Paralysed by Grinder for 4 turns
  3724 | D:4      | Killed Grinder
  3724 | D:4      | Reached skill level 5 in Fighting
  3724 | D:4      | Reached skill level 7 in Long Blades
  4146 | D:5      | Entered Level 5 of the Dungeon
  4167 | D:5      | Reached XP level 8. HP: 47/68 MP: 7/7
  4203 | D:5      | HP: 3/68 [poisoned by an orc wizard]
  4205 | D:5      | HP: 1/68 [poisoned by an orc wizard]
  4207 | D:5      | Succumbed to an orc wizard's poison

Skill      XL: |  1  2  3  4  5  6  7 |
---------------+----------------------+-----
Fighting       | 4 5 |  5.3
Shields        | 4 5 6 |  6.6
Armour         | 4 5 6 |  6.1
Long Blades    | 3 4 5 7 |  7.4
Dodging        | 1 |  1.3
Stealth        | 1 |  1.0

Action                   |  1- 3 |  4- 6 |  7- 9 || total
-------------------------+-------+-------+-------++-------
Melee: Long sword        |    55 |   263 |   142 ||   460
       Headbutt          |     5 |    80 |    29 ||   114
  Use: Potion            |       |       |     6 ||     6
       Scroll            |       |       |     3 ||     3
  Eat: Chunk             |       |     5 |     7 ||    12
Armor: Scale mail        |    28 |    39 |       ||    67
       Plate armour      |       |    25 |    89 ||   114
Dodge: Dodged            |    23 |    40 |    36 ||    99
Block: Shield            |    34 |    90 |    96 ||   220
       Rpst.: Long sword |     6 |     9 |     5 ||    20
